 Dungeon Crawl Stone Soup version 0.31.0-11-ge490571c62 (webtiles) character file.

Game seed: 9994362605543733707

136 Aldia the Chopper (level 4, -9/35 HPs)
             Began as a Mummy Cinder Acolyte on Jan 26, 2024.
             Was a High Priest of Ignis.
             Mangled by a wight
             ... wielding a +3 trident
              (10 damage)
             ... in an ossuary.
             The game lasted 00:04:34 (3157 turns).

Aldia the Chopper (Mummy Cinder Acolyte)            Turns: 3157, Time: 00:04:34

Health: -9/35      AC:  3    Str: 17    XL:     4   Next: 98%
Magic:  12/16      EV: 11    Int: 15    God:    Ignis [*****.]
Gold:   184        SH:  3    Dex:  7    Spells: 5/7 levels left

rFire   . . .        a - +0 hand axe (flame)
rCold   + + .        m - +0 buckler
rNeg    + + +        b - +0 robe
rPois   ∞            (no helmet)
rElec   .            r - +0 cloak
rCorr   .            (no gloves)
SInv    .            (no boots)
Will    .....        (no amulet)
Stlth   +            d - ring of protection from cold
HPRegen 0.25/turn    i - ring of magical power
MPRegen 0.15/turn

%: faith
@: no status effects
A: cold resistance 1, negative energy resistance 3, torment resistance 2, heat
vulnerability 1, in touch with death 1, no potions, faith
a: Renounce Religion, Fiery Armour, Foxfire Swarm, Rising Flame


You were in an ossuary.
You worshipped Ignis.
Ignis was extremely pleased with you.
You visited 1 branch of the dungeon, and saw 4 of its levels.
You also visited: Ossuary.

You collected 184 gold pieces.

Inventory:

Hand Weapons
 a - a +0 hand axe of flaming (weapon)
 e - a +0 war axe
Missiles
 l - 3 silver javelins
Armour
 b - a +0 robe (worn)
 m - a +0 buckler (worn)
 q - a +2 ring mail of fire resistance
 r - a +0 cloak (worn)
Jewellery
 d - a ring of protection from cold (left hand)
 i - a ring of magical power (right hand)
 o - a ring of magical power
Wands
 n - a wand of mindburst (21)
 p - a wand of roots (22)
Scrolls
 c - a scroll of poison {unknown}
 f - a scroll of teleportation
 g - 2 scrolls of enchant weapon
 h - a scroll of blinking
 j - a scroll of noise
 k - a scroll of fog {unknown}


   Skills:
 - Level 3.4 Fighting
 * Level 3.5 Axes
 + Level 1.4 Dodging
 + Level 0.7 Shields
 - Level 2.0 Spellcasting
 + Level 2.8 Fire Magic


You had 5 spell levels left.
You knew the following spells:

 Your Spells              Type           Power      Damage    Failure   Level
a - Scorch                Fire           18%        2d5       14%         2

Your spell library contained the following spells:

 Spells                   Type           Power      Damage    Failure   Level


Dungeon Overview and Level Annotations

Branches:
Dungeon (4/15)            Ossuary (1/1)
 Temple: D:4-7

Altars:
Hepliaklqana
Okawaru


Innate Abilities, Weirdness & Mutations

You are immune to poison.
Your flesh is cold resistant. (rC+)
You are immune to negative energy. (rN+++)
You are immune to unholy pain and torment.
You are vulnerable to heat. (rF-)
You are in touch with the powers of death.
You do not drink.
You have a special connection with the divine. (Faith)


Message History

You open the door.
There is an open door here.
You open the door.
Found a scroll of enchant weapon and a purple potion.
There is an open door here.
Found a white potion.
g - 2 scrolls of enchant weapon (gained 1)
You open the door. As you open the door, it creaks loudly!
There is an open door here.
You open the door.
There is an open door here.
Found four items.
You close the door.
Found four items.
The laughing skull gives a hideous shriek!
You hear a shout!
Something unseen opens the door.
A wight comes into view. It is wielding a +3 trident.
Something unseen opens the door.
A burial acolyte comes into view. It is wielding a +0 dagger.
Flames lash the wight.
The wight is moderately damaged.
The wight's fire resistance burns away.
The burial acolyte shouts!
The wight hits you from afar with a +3 trident.
The wight hits you with a +3 trident!
Flames lash the wight.
The wight is burned terribly!
The wight is almost destroyed.
The wight hits you with a +3 trident!
* * * LOW HITPOINT WARNING * * *
You barely miss the wight.
The wight is almost destroyed.
The wight hits you with a +3 trident!
* * * LOW HITPOINT WARNING * * *
You can't drink.
Activating: Foxfire Swarm
Press: ? - help, Dir - look around, f - activate Flames leap up around you!
The wight hits you with a +3 trident!
You die...

♣#.###.#♣+
......... #
........
.#♣#.!!?.#♣# #
#Z#./!?.#z#
#.#♣#vv??.#♣#.
#.vvvvv.......
#.vz@vv.p.....
#..v♣#v###.#♣'.
#.. ♣v♣z♣.♣
#..#♣#.###.#♣#..
#...............
#♣....##+##....♣
##### ♣.♣ ###
###.### #z#.#z#


You could see 2 laughing skulls, a burial acolyte (ally target), a wight
(combustible, ally target) and a kobold skeleton.

Vanquished Creatures
  A wight (Ossuary)
  An adder (D:2)
  A gnoll (D:1)
  An adder skeleton (Ossuary)
  2 dart slugs (D:1)
  8 ball pythons
  8 bats
  7 endoplasms
  A giant cockroach (D:3)
  7 goblins
  2 hobgoblins (D:1)
  2 jackals (D:4)
  A kobold (D:1)
  A quokka (D:1)
  5 frilled lizards
  4 hobgoblin skeletons (Ossuary)
  A kobold skeleton (Ossuary)
  2 orc skeletons (Ossuary)
  4 rats
59 creatures vanquished.

Notes
Turn   | Place    | Note
-------+----------+-------------------------------------------
     0 | D:1      | Aldia the Mummy Cinder Acolyte began the quest for the Orb.
     0 | D:1      | Reached XP level 1. HP: 18/18 MP: 2/2
   265 | D:1      | Reached XP level 2. HP: 21/24 MP: 4/4
   274 | D:1      | Learned a level 2 spell: Scorch
   781 | D:1      | Reached XP level 3. HP: 24/29 MP: 6/6
  1385 | D:2      | Reached skill level 1 in Dodging
  2264 | D:3      | Reached XP level 4. HP: 35/35 MP: 7/7
  2377 | D:3      | Found a faded altar of an unknown god.
  2417 | D:3      | Found a hazy altar of Hepliaklqana.
  2891 | D:4      | Found an iron altar of Okawaru.
  2901 | D:4      | Found a sand-covered staircase.
  2910 | Ossuary  | Entered an ossuary
  3135 | Ossuary  | Noticed a laughing skull
  3148 | Ossuary  | Noticed a laughing skull
  3149 | Ossuary  | Noticed a laughing skull
  3156 | Ossuary  | HP: 1/35 [wight/+3 trident (9)]
  3157 | Ossuary  | Mangled by a wight

Illustrated notes

Levels and vault maps discovered:
D:1:      sevenhm_arrival_forest_fort_small_4, layout_basic, minmay_heptomino_o4
D:2:      layout_basic
D:3:      layout_loops_ring, lemuel_crystal_altar,
          hellmonk_ecumenical_altar_arch_garden, dk_noncrumbling_2,
          kennysheep_generic_room_2
D:4:      layout_basic, kennysheep_little_box,
          chequers_temple_overflow_statue_of_worship,
          mainiacjoe_ossuary_entry_dusty_tomb, minivault_25
Ossuary:  ossuary_due_cavern

Skill      XL: |  1  2  3 |
---------------+----------+-----
Spellcasting   | 2 |  2.0
Axes           | 3 |  3.5
Dodging        | 1 |  1.4
Fighting       | |  3.4
Shields        | |  0.7
Fire Magic     | |  2.8

Action                     |  1- 3 |  4- 6 || total
---------------------------+-------+-------++-------
  Melee: Hand axe          |    67 |    27 ||    94
   Cast: Scorch            |    21 |    13 ||    34
 Invoke: Foxfire Swarm     |       |     1 ||     1
    Use: Scroll            |       |     4 ||     4
 Armour: Robe              |    40 |    19 ||    59
  Dodge: Dodged            |    44 |     8 ||    52
  Block: Buckler           |       |     3 ||     3
